Cogmind - Beta 13 @@@ ROGUE MODE // 2024.04.18 @ 00:00:17 Player: Millea Result: Destroyed by Y4-XUE(R) with Subdweller Beam Cannon Performance ------------- Evolutions (0) 0 Regions Visited (2) 400 Robots Destroyed (22) 110 Value Destroyed (406) 406 Prototype IDs (4) 80 Alien Tech Used (0) 0 Bonus (0) 0 TOTAL SCORE: 996 Bonus ------- None Cogmind --------- Core Integrity 0/250 Matter 282/300 Energy 99/100 System Corruption 0% Temperature Hot (208) Movement Core (50) Location -10/Subcaves Parts ------- > --- POWER (1) -------- (None) > --- PROPULSION (2) --- (None) > --- UTILITY (2) ------ (None) > --- WEAPON (2) ------- (None) > --- INVENTORY (5) ---- Light Treads Light Treads Peak State ------------ > --- POWER ------------ Ion Engine > --- PROPULSION ------- Light Treads Light Treads > --- UTILITY ---------- Makeshift Kinetic Plating Makeshift Thermal Plating > --- WEAPON ----------- Beam Cannon Assault Rifle > --- INVENTORY -------- Light Treads Sensor Array Signal Interpreter EM Pulse Gun Mining Laser [Rating: 13] Favorites ----------- Power Ion Engine Engine Ion Engine Propulsion Light Treads Treads Light Treads Utility Small Storage Unit Device Seismic Detector Storage Small Storage Unit Protection Makeshift Thermal Plating Weapon Assault Rifle Energy Gun Small Laser Energy Cannon Beam Cannon Ballistic Gun Assault Rifle Special Weapon Mining Laser Build | -11 -10 -10 ------- Run | Yrd Mat Sub Slots Evolved . | . . . Power . | . . . Propulsion . | . . . Utility . | . . . Weapon . | . . . Parts Attached 13 | 8 1 4 Power 1 | 1 . . Engine 1 | 1 . . Core . | . . . Reactor . | . . . Propulsion 2 | 2 . . Treads 2 | 2 . . Leg . | . . . Wheel . | . . . Hover . | . . . Flight . | . . . Utility 5 | 3 . 2 Device 2 | 2 . . Storage 1 | 1 . . Processor . | . . . Hackware . | . . . Protection 2 | . . 2 Artifact . | . . . Weapon 5 | 2 1 2 Energy Gun 2 | 1 . 1 Energy Cannon 1 | . 1 . Ballistic Gun 1 | 1 . . Ballistic Cannon . | . . . Launcher . | . . . Special Weapon 1 | . . 1 Impact Weapon . | . . . Slashing Weapon . | . . . Piercing Weapon . | . . . Special Melee Weapon . | . . . Unidentified Prototypes . | . . . Parts Lost 5 | . . 5 Power 1 | . . 1 Propulsion 1 | . . 1 Utility . | . . . Weapon 3 | . . 3 Highest Loss Streak 5 | . . 5 To Critical Strikes . | . . . Average Slot Usage (%) 97 | . 100 90 Engine 13 | . 14 12 Treads 27 | . 28 25 Device 10 | . 14 2 Storage 10 | . 14 3 Protection 6 | . . 20 Energy Cannon 12 | . 13 11 Ballistic Gun 13 | . 14 11 Naked Turns 21 | . . 21 Heaviest Build 21 | 14 16 21 Greatest Support 40 | 40 40 40 Greatest Overweight (x) . | . . . Average Overweight (x) . | . . . Largest Inventory Capacity 8 | 8 8 8 Average Capacity 7 | 7 8 5 Most Carried 8 | 8 8 8 Average Carried 6 | 5 7 4 Final Capacity 8 | 8 8 5 Final Carried 8 | 8 8 2 Class Distribution -------------------- 100% | Mutant Dominant Class ---------------- Mutant | -10/Materials Mutant | -10/Subcaves Resources | -11 -10 -10 ----------- Run | Yrd Mat Sub Matter Collected 434 | 295 118 21 Remotely . | . . . Salvage Created 663 | 104 497 62 Parts 50 | 10 35 5 Haulers Intercepted 2 | . 2 . Recyclers Shooed . | . . . Parts Field Recycled . | . . . Retrieved Matter . | . . . Parts Self-Destructed 8 | . . 8 Prevented . | . . . Kills | -11 -10 -10 ------- Run | Yrd Mat Sub Combat Hostiles Destroyed 14 | . 10 4 Guns 5 | . 3 2 Cannons 9 | . 7 2 Classes Destroyed 6 | 2 4 . Tunneler 2 | 2 . . Hauler 2 | . 2 . Recycler 1 | 1 . . Watcher 3 | . 3 . Swarmer 7 | . 3 4 Grunt 7 | . 7 . Best Kill Streak 4 | 2 4 4 Combat Bots Only 4 | . 3 4 Max Kills in Single Turn 2 | 1 1 2 Gunslinging . | . . . Exploded . | . . . Melee . | . . . Uniques/NPCs Destroyed . | . . . Combat | -11 -10 -10 -------- Run | Yrd Mat Sub Hostile Shots Fired 91 | . 31 60 Missed 24 | . 7 17 Damage Taken 1073 | . 267 806 Core 266 | . . 266 Absorbed by Shields . | . . . Ignored by Resistances 70 | . . 70 Core Remaining (%) 100 | 100 . . Volleys Fired 49 | 5 36 8 Largest 2 | 2 2 2 Hottest 80 | 60 80 80 Shots Fired 98 | 10 72 16 Gun 54 | 10 36 8 Cannon 44 | . 36 8 Launcher . | . . . Special . | . . . Kinetic 49 | 5 36 8 Thermal 49 | 5 36 8 Explosive . | . . . Electromagnetic . | . . . Robot Hit Streak 9 | 5 9 3 Robot Miss Streak 3 | 1 3 3 Penetration Max . | . . . Secondary Targets . | . . . Shots Hit Robots 58 | 8 42 8 Core Hits 27 | 4 19 4 Critical Kills . | . . . Critical Parts Destroyed . | . . . Critical Strikes . | . . . Melee Attacks . | . . . Impact . | . . . Slashing . | . . . Piercing . | . . . Sneak Attacks . | . . . Combat Hostiles . | . . . Follow-up Attacks . | . . . Damage Inflicted 911 | 88 684 139 Guns 323 | 88 186 49 Cannons 585 | . 495 90 Explosions . | . . . Melee . | . . . Ramming 3 | . 3 . Kinetic 281 | 46 186 49 Thermal 627 | 42 495 90 Explosive . | . . . Electromagnetic . | . . . Impact . | . . . Slashing . | . . . Piercing . | . . . Highest Corruption . | . . . Average Corruption . | . . . Corruption Purged . | . . . Corruption Blocked . | . . . Overload Shots . | . . . Overflow Damage . | . . . Projectiles . | . . . Explosions . | . . . Melee . | . . . Knockbacks . | . . . Impact . | . . . Kinetic . | . . . Secondary . | . . . Self-Inflicted Damage . | . . . Shots . | . . . Rammed 1 | . 1 . Targets Rammed 1 | . 1 . Kicked . | . . . Crushed . | . . . Highest Temperature 244 | . 117 244 Average Temperature 46 | . 44 221 Received Heat Transfer 547 | . 117 430 Siege Activations . | . . . Robots Corrupted . | . . . Combat Hostiles . | . . . Parts Fried . | . . . Impact Corruptions . | . . . Robots Melted . | . . . Combat Hostiles . | . . . Parts Melted . | . . . Heat Transferred 1321 | 100 1036 185 Parts Sabotaged . | . . . Parts Stolen . | . . . Parts Stripped . | . . . Power Chain Reactions . | . . . Alert | -11 -10 -10 ------- Run | Yrd Mat Sub Peak Influence 313 | 15 313 . Initial 9 | . 9 . Average 127 | 6 150 . Maximum Alert Level 1 | . 1 . Low Security (%) 88 | 100 86 . Level 1 11 | . 13 . Level 2 . | . . . Level 3 . | . . . Level 4 . | . . . Level 5 . | . . . High Security . | . . . Max Security . | . . . Squads Dispatched 1 | . 1 . Investigation . | . . . Extermination . | . . . Reinforcement 1 | . 1 . Assault . | . . . Garrison . | . . . Intercept . | . . . Searches Triggered . | . . . Construction Impeded . | . . . Haulers Reinforced . | . . . Active Scanning Responses . | . . . Cargo Convoy Interrupts . | . . . Stealth | -11 -10 -10 --------- Run | Yrd Mat Sub Distress Signals 2 | . 2 . Communications Jammed . | . . . Distress Signals . | . . . Times Spotted 27 | . 15 12 Peak Tracking Total 6 | . 4 6 Tactical Retreats 1 | . . 1 Traps | -11 -10 -10 ------- Run | Yrd Mat Sub Traps Triggered . | . . . Indirectly . | . . . Trap Hack Attempts . | . . . Triggered . | . . . Disarmed . | . . . Reprogrammed . | . . . Reused . | . . . Traps Extracted . | . . . Installed . | . . . Triggered . | . . . Machines | -11 -10 -10 ---------- Run | Yrd Mat Sub Machines Disabled . | . . . Max in Single Turn . | . . . Machines Repaired . | . . . Machines Dismantled . | . . . Machines Sabotaged . | . . . Overloaded Fab Kills . | . . . Hacking | -11 -10 -10 --------- Run | Yrd Mat Sub Machines Accessed 4 | . 4 . Terminals 4 | . 4 . Fabricators . | . . . Repair Stations . | . . . Recycling Units . | . . . Scanalyzers . | . . . Garrison Access . | . . . Total Hacks 18 | . 18 . Successful 13 | . 13 . Failed 5 | . 5 . Catastrophic . | . . . Database Lockouts . | . . . Manual 14 | . 14 . Terminals 18 | . 18 . Fabricators . | . . . Repair Stations . | . . . Recycling Units . | . . . Scanalyzers . | . . . Garrison Access . | . . . Terminal Hacks 9 | . 9 . Robot Analysis 4 | . 4 . Prototype ID Bank 3 | . 3 . Locate Traps 1 | . 1 . Hauler Manifests 1 | . 1 . Fabricator Hacks . | . . . Repair Station Hacks . | . . . Recycling Unit Hacks . | . . . Scanalyzer . | . . . Garrison Access Hacks . | . . . Unauthorized Hacks 4 | . 4 . Terminals 4 | . 4 . Botnet 4 | . 4 . Fabricators . | . . . Repair Stations . | . . . Recycling Units . | . . . Scanalyzers . | . . . Garrison Access . | . . . Data Cores Recovered . | . . . Used . | . . . Hacking Detections 4 | . 4 . Full Trace Events . | . . . Feedback Events . | . . . Feedback Blocked . | . . . Robot Schematics Acquired . | . . . Robots Built . | . . . Authchips . | . . . Time . | . . . Total Robot Build Rating . | . . . Part Schematics Acquired . | . . . Parts Built . | . . . Authchips . | . . . Time . | . . . Total Part Build Rating . | . . . Parts Repaired . | . . . Time . | . . . Parts Recycled . | . . . Recycled Matter . | . . . Retrieved Matter . | . . . Retrieved Components . | . . . Parts Scanalyzed . | . . . Part Schematics Acquired . | . . . Parts Damaged . | . . . Bothacking | -11 -10 -10 ------------ Run | Yrd Mat Sub Used RIF Installer . | . . . Robots Hacked . | . . . Non-combat . | . . . Combat . | . . . Robot Hacks Applied . | . . . Relay Couplers Released . | . . . Fabnet Peak Effective % . | . . . Robots Rewired . | . . . Allies Hacked . | . . . Hacks Repelled . | . . . Allies | -11 -10 -10 -------- Run | Yrd Mat Sub Total Allies . | . . . Largest Group . | . . . Highest-Rated Group . | . . . Highest-Rated Ally . | . . . Total Orders . | . . . Ally Attacks . | . . . Total Damage . | . . . Kills . | . . . Allies Corrupted . | . . . Allies Melted . | . . . Intel | -11 -10 -10 ------- Run | Yrd Mat Sub Robot Analysis Total 4 | . 4 . Derelict Logs Recovered . | . . . Drone Launches . | . . . Drone Recoveries . | . . . Exploration | -11 -10 -10 ------------- Run | Yrd Mat Sub Turns Passed 1201 | 140 731 330 Spaces Moved 586 | 68 304 214 Core 45 | 3 . 42 Treads 541 | 65 304 172 Legs . | . . . Wheels . | . . . Hover . | . . . Flight . | . . . Fastest Speed 50 | 50 160 50 Average Speed 151 | 155 160 138 Slowest Speed 160 | 160 160 160 Overloaded Moves . | . . . Propulsion Burnouts . | . . . Robots Hopped . | . . . Cave-ins Triggered . | . . . Exploration Rate (%) 25 | 6 52 19 Regions Visited 2 Branch Regions 1 Pre-discovered Areas . | . . . Known Exits Taken . | . . . Unknown Exits Taken 2 | 1 1 . Scrap Searched 2 | . . 2 Spaces Dug . | . . . Terrain Destroyed . | . . . Melee . | . . . Projectile . | . . . AOE . | . . . Terrain Rammed . | . . . Walls Destroyed . | . . . Machines Disabled . | . . . Actions | -11 -10 -10 --------- Run | Yrd Mat Sub Total 802 | 89 479 234 Wait 128 | . 127 1 Move 584 | 67 303 214 Hop . | . . . Pick Up 16 | 9 5 2 Fast Attach 9 | 6 1 2 Attach 3 | 1 . 2 Detach . | . . . Swap 1 | 1 . . Drop 11 | . 6 5 Fire 49 | 5 36 8 Melee . | . . . Ram . | . . . Kick . | . . . Crush 1 | . 1 . Escape Stasis . | . . . Rewire . | . . . Trap . | . . . Miscellaneous . | . . . Route ------- -11/Scrapyard -10/Materials (discovered 3 exits: [*Mat] / [*Min] / [*Sub]) -10/Subcaves (discovered 1 exit: [*Rec]) History --------- Turn | Location | Event 35 | -11/Scrapyard | Discovered new exit (range 14) 141 | -11/Scrapyard | Entered Materials 207 | -10/Materials | Discovered new exit (range 16) 312 | -10/Materials | Build established: Mutant 493 | -10/Materials | Discovered new exit (range 14) 850 | -10/Materials | Discovered new exit (range 5) 872 | -10/Materials | Entered Subcaves 884 | -10/Subcaves | Discovered new exit (range 13) 946 | -10/Subcaves | Shifting Twisted Machinery released Mak. Kinetic Plating 1150 | -10/Subcaves | Ambushed by Subdweller buried in earth 1150 | -10/Subcaves | Ambushed by Subdweller buried in earth 1158 | -10/Subcaves | Core integrity fell below 50% 1181 | -10/Subcaves | Released all parts (4) 1191 | -10/Subcaves | Core integrity fell below 20% 1192 | -10/Subcaves | Shifting Twisted Machinery released Battle Cannon 1195 | -10/Subcaves | Lost 5 parts (1p1n3w) 1202 | -10/Subcaves | Destroyed by Y4-XUE(R) with Subdweller Beam Cannon Last Messages --------------- 00964_ Dropped Lgt. Treads. 00964_ Acquired Lgt. Treads. 00966_ Dropped Sensor Array. 00967_ Dropped Signal Interpreter. 00967_ Acquired Lgt. Treads. 01144_ AZ-FLJ(R): "ARGHSUB!" 01148_ Beam Cannon destroyed. 01151_ Y4-XUE(R): "ARGHSUB!" 01151_ 7W-S5O(R): "NOSTUCKSUB!" 01151_ Lgt. Treads destroyed. 01157_ Assault Rifle destroyed. 01161_ Ion Engine destroyed. 01164_ Mining Laser destroyed. 01181_ Released Mak. Thermal Plating. 01181_ Released Lgt. Treads. 01181_ Released Mak. Kinetic Plating. 01181_ Released EM Pulse Gun. Battle Cannon falls loose from the Twisted Machinery. 01200_ Critical hit (Meltdown: +280). Map ----- +----------------------------------------------------+ | #????????????????????????????????????????????????? | | #????????????????????????????????????????????????? | | ?????????????????????????????????????????????????? | | ?????????????????????????????????????????????????? | | ?????????????????????????????????????????????????? | | ??????????????????????####???###?????????????????? | | ??????????????######### ##### #??#####??????????? | | ?????????###### ## #### ##?????????? | | ???#####?#"# ##????????? | | #### ##?#" " " ###??????? | | ## ! !### # ### # ### #??????? | | " != #####?####### #??????? | | "## ""* "#??????????# #### ###??????? | | # ""# "" "#?????????# #### ##????????? | | # " ########??????## ####?????????? | | ### # " #???## #???????## ## #????????????? | | ??### " #???# #????????###### #????????????? | | ????# "" ???# ##????????????# ##???????????? | | ????#######??# ###??????????# #???????????? | | ?????????????# ##?????????# #???????????? | | ?????????????#" #?????????## ##??????????? | | ????????????##"" #?????????## ##?????????? | | ????????????# "] ##??????#### #?????????? | | ??????????"""""""" #????#### ##????????? | | ?????????#"""""""" ##??## #????????? | | ?????????# #### @ #### #????????? | | ?????????# ##??## #????????? | | ?????????# #### #????# ###??????? | | ????????# #???## ###### ##?????? | | ????????#### #???#### ## ## #?????? | | ???????????###????# ; ## #?????? | | ??????????????????# ;; ##?????? | | ??????????????????#;; #??????? | | ?????????????????## ## ## #??????? | | ????????????????## ######## #??????? | | ????????????##?## RRR ##???# ##?????? | | ????????????# ## #??## ##????? | | ????????????# ;# ##??# #????? | | ???????????## ! ;####???#### ##????? | | ???????????# ![R;#?????????# #?????? | | ??????????# = #???????## ##????? | | ??????????# # ##?####?# #????? | | ??????????## ######### ## ### ####????? | | ???????????## #??????# ## ##???????? | | ????????????# #??????### #####????????? | | ???????????# #??#??????# ##????????????? | | ?????????? #??# ##### ##?????????????? | | ????????? #??# ####??????????????? | | ???????? ####??# ######??????????? | | ???????# ??????## #??????????? | +----------------------------------------------------+ Best States ------------- Heat Dissipation 25 Energy Generation 10 Energy Capacity 250 Matter Stores 300 Matter Capacity 300 Sight Range 16 Terrain Scan Range 16 Terrain Scan Density 10 Armor Coverage 200 Resistance: KI 10 Resistance: TH 10 Evasion (%) 50 Recoil Reduction 2 Item Schematics ----------------- None Robot Schematics ------------------ None Fabricated ------------ Nothing Alien Tech Used ----------------- None Achievements -------------- None Challenges ------------ None Game ------ Seed MicrowarpSmallBattery Manual? 0 Play Time 00:08:40 Cumulative 217.8 hours Start 2024.04.17 @ 23:53:35 End 2024.04.18 @ 00:00:17 Sessions 1 Manual Loads 0 Difficulty Rogue Special Mode None Game No. 174 Rogue 174 Adventurer 0 Explorer 0 Win Type - Total 6 Types 5/0/0/1/0/0/0/0/0 Lore% 73 Gallery% 79 Achievement% 65 Wizard Run 0 Options --------- Layout 2 ASCII 1 Keyboard 1 Movement Vi Keybinds 0 Fullscreen 2 Font 24/Smallcaps Map View 50x44 Zoom Use 0% Tactical HUD 1 Map Filters NONE Filters NONE Steam 1 RUN: cc981b97-7e1e-4795-b4e7-120b6b9f9e9c